| TOP OF THE 1ST |
|
Los Angeles Angels batting - Pitching for St. Louis Cardinals : RHP Daniel Missaki
|
|
Pitching: RHP Daniel Missaki
|
|
|
Batting: SHB Ozhaino Albies
|
0-0: SINGLE (Line Drive, 9S, EV 86.9 MPH)
|
|
Batting: RHB Mike Trout
|
0-0: Ball 1-0: 2-RUN HOME RUN (Flyball, 9LD, EV 95.6 MPH), Distance : 344 ft
|
|
Batting: SHB Augusto Ramírez
|
0-0: Hit by Pitch
|
|
Batting: RHB Giancarlo Stanton
|
0-0: Ball Augusto Ramírez steals 2nd base 1-0: Swinging Strike 1-1: SINGLE (Groundball, 34, EV 103.8 MPH) Augusto Ramírez to third
|
|
Batting: SHB Jurickson Profar
|
0-0: Ball 1-0: Fly out, F7 (Flyball, 7, EV 91.3 MPH)
|
|
Batting: RHB Luis Roa
|
0-0: Ball 1-0: Called Strike 1-1: SINGLE (Groundball, 4MD, EV 105.6 MPH) (infield hit) Augusto Ramírez scores Giancarlo Stanton to second
|
|
Batting: LHB Joey Gallo
|
0-0: Called Strike 0-1: Ball 1-1: Foul Ball, location: 2F 1-2: Foul Ball, location: 25FF 1-2: Foul Ball, location: 3F 1-2: Ball 2-2: Grounds into double play, 3-6-1 (Groundball, 34, EV 90.6 MPH)
|
| Top of the 1st over - 3 runs, 4 hits, 0 errors, 1 left on base; Los Angeles 3 - St. Louis 0 |
| BOTTOM OF THE 1ST |
|
St. Louis Cardinals batting - Pitching for Los Angeles Angels : RHP Derrek McGriff
|
|
Pitching: RHP Derrek McGriff
|
|
|
Batting: LHB Juan Encarnación
|
0-0: Fly out, F8 (Flyball, 8LD, EV 91.3 MPH)
|
|
Batting: LHB Jason Heyward
|
0-0: Called Strike 0-1: Ball 1-1: Called Strike 1-2: Ball 2-2: Strikes out looking
|
|
Batting: RHB Avery Romero
|
0-0: Called Strike 0-1: Ball 1-1: Fly out, F6 (Line Drive, 6M, EV 67.5 MPH)
|
| Bottom of the 1st over - 0 runs, 0 hits, 0 errors, 0 left on base; Los Angeles 3 - St. Louis 0 |
| TOP OF THE 2ND |
|
Los Angeles Angels batting - Pitching for St. Louis Cardinals : RHP Daniel Missaki
|
|
Batting: LHB Andy Brown
|
0-0: Ground out 5-3 (Groundball, 56, EV 97.5 MPH)
|
|
Batting: LHB Isranel Wilson
|
0-0: Ball 1-0: Ball 2-0: Ball 3-0: Called Strike 3-1: Base on Balls
|
|
Batting: SHB Ozhaino Albies
|
0-0: Ball 1-0: Called Strike 1-1: Ball Isranel Wilson steals 2nd base 2-1: Foul Ball, location: 7LSF 2-2: Foul Ball, location: 9LDF 2-2: Foul Ball, location: 9LDF 2-2: 2-RUN HOME RUN (Flyball, 7D, EV 95.0 MPH), Distance : 371 ft
|
|
Batting: RHB Mike Trout
|
0-0: Called Strike 0-1: Ball 1-1: Foul Ball, location: 2F 1-2: Foul Ball, location: 7LDF 1-2: Strikes out looking
|
|
Batting: SHB Augusto Ramírez
|
0-0: Swinging Strike 0-1: Ground out 1-3 (Groundball, 34S, EV 66.3 MPH)
|
| Top of the 2nd over - 2 runs, 1 hit, 0 errors, 0 left on base; Los Angeles 5 - St. Louis 0 |
| BOTTOM OF THE 2ND |
|
St. Louis Cardinals batting - Pitching for Los Angeles Angels : RHP Derrek McGriff
|
|
Batting: LHB Zak Taylor
|
0-0: Foul Ball, location: 2F 0-1: Foul Ball, location: 7LMF 0-2: SINGLE (Groundball, 34D, EV 98.8 MPH)
|
|
Batting: LHB Al White
|
0-0: Called Strike Zak Taylor steals 2nd, throwing error, E2 Zak Taylor to third 0-1: Ball 1-1: Fly out, F8 (Flyball, 8LD, EV 95.0 MPH) Runner from 3rd tags up, SCORES, no throw by CF
|
|
Batting: RHB Cristián Gómez
|
0-0: SINGLE (Line Drive, 4MD, EV 95.6 MPH)
|
|
Batting: LHB Raphael Ramirez
|
0-0: Ball 1-0: Ball Wild Pitch! Cristián Gómez to second 2-0: Called Strike 2-1: Foul Ball, location: 3F 2-2: Foul Ball, location: 2F 2-2: TRIPLE (Line Drive, 7D, EV 103.8 MPH) Cristián Gómez scores
|
|
Batting: RHB Juan Álvarez
|
0-0: Called Strike 0-1: Ball 1-1: Ball 2-1: Swinging Strike 2-2: Foul Ball, location: 2F 2-2: Foul Ball, location: 2F 2-2: Strikes out swinging
|
|
Batting: RHB Chris Jarvis
|
0-0: Ball Wild Pitch! Raphael Ramirez scores 1-0: Called Strike 1-1: Foul Ball, location: 2RF 1-2: Ball 2-2: Fly out, F7 (Line Drive, 7S, EV 88.1 MPH)
|
| Bottom of the 2nd over - 3 runs, 3 hits, 1 error, 0 left on base; Los Angeles 5 - St. Louis 3 |
| TOP OF THE 3RD |
|
Los Angeles Angels batting - Pitching for St. Louis Cardinals : RHP Daniel Missaki
|
|
Batting: RHB Giancarlo Stanton
|
0-0: Ball 1-0: Fly out, F8 (Flyball, 89M, EV 85.0 MPH)
|
|
Batting: SHB Jurickson Profar
|
0-0: Ball 1-0: Foul Ball, location: 2F 1-1: Ball 2-1: SINGLE (Line Drive, 7LS, EV 103.1 MPH)
|
|
Batting: RHB Luis Roa
|
0-0: Called Strike 0-1: Called Strike 0-2: Ball 1-2: Strikes out swinging
|
|
Batting: LHB Joey Gallo
|
0-0: Ball 1-0: Swinging Strike 1-1: Ball 2-1: Swinging Strike 2-2: Ball 3-2: Strikes out looking
|
| Top of the 3rd over - 0 runs, 1 hit, 0 errors, 1 left on base; Los Angeles 5 - St. Louis 3 |
| BOTTOM OF THE 3RD |
|
St. Louis Cardinals batting - Pitching for Los Angeles Angels : RHP Derrek McGriff
|
|
Batting: LHB Juan Encarnación
|
0-0: Called Strike 0-1: Ball 1-1: Foul Ball, location: 2F 1-2: Strikes out swinging
|
|
Batting: LHB Jason Heyward
|
0-0: Called Strike 0-1: Fly out, F4 (Line Drive, 4, EV 61.9 MPH)
|
|
Batting: RHB Avery Romero
|
0-0: Ball 1-0: Ball 2-0: Ground out 6-3 (Groundball, 6, EV 86.9 MPH)
|
| Bottom of the 3rd over - 0 runs, 0 hits, 0 errors, 0 left on base; Los Angeles 5 - St. Louis 3 |
| TOP OF THE 4TH |
|
Los Angeles Angels batting - Pitching for St. Louis Cardinals : RHP Daniel Missaki
|
|
Batting: LHB Andy Brown
|
0-0: Ball 1-0: Foul Ball, location: 2F 1-1: Ground out U3 (Groundball, 3, EV 88.1 MPH)
|
|
Batting: LHB Isranel Wilson
|
0-0: Ball 1-0: Called Strike 1-1: Fly out, F1 (Line Drive, P, EV 68.8 MPH)
|
|
Batting: SHB Ozhaino Albies
|
0-0: Swinging Strike 0-1: Ball 1-1: Swinging Strike 1-2: TRIPLE (Flyball, 89XD, EV 86.3 MPH)
|
|
Pitching: RHP Julius Cooper
|
|
|
Batting: RHB Mike Trout
|
0-0: Ball 1-0: Ground out 6-3 (Groundball, 6M, EV 104.4 MPH)
|
| Top of the 4th over - 0 runs, 1 hit, 0 errors, 1 left on base; Los Angeles 5 - St. Louis 3 |
| BOTTOM OF THE 4TH |
|
St. Louis Cardinals batting - Pitching for Los Angeles Angels : RHP Derrek McGriff
|
|
Batting: LHB Zak Taylor
|
0-0: Foul Ball, location: 5SF 0-1: Swinging Strike 0-2: Foul Ball, location: 5F 0-2: Strikes out swinging
|
|
Batting: LHB Al White
|
0-0: Foul Ball, location: 3DF 0-1: Ball 1-1: TRIPLE (Line Drive, 78XD, EV 98.1 MPH)
|
|
Batting: RHB Cristián Gómez
|
0-0: Called Strike 0-1: Foul Ball, location: 9LSF 0-2: Strikes out looking
|
|
Batting: LHB Raphael Ramirez
|
0-0: Ground out U3 (Groundball, 3L, EV 91.9 MPH)
|
| Bottom of the 4th over - 0 runs, 1 hit, 0 errors, 1 left on base; Los Angeles 5 - St. Louis 3 |
| TOP OF THE 5TH |
|
Los Angeles Angels batting - Pitching for St. Louis Cardinals : RHP Julius Cooper
|
|
Batting: SHB Augusto Ramírez
|
0-0: Ball 1-0: Ball 2-0: SOLO HOME RUN (Flyball, 9D, EV 98.1 MPH), Distance : 367 ft
|
|
Batting: RHB Giancarlo Stanton
|
0-0: Foul Ball, location: 23F 0-1: Foul Ball, location: 7LSFF 0-2: Foul Ball, location: 5FF 0-2: Strikes out swinging
|
|
Batting: SHB Jurickson Profar
|
0-0: Ball 1-0: Ground out 5-3 (Groundball, 56, EV 104.4 MPH)
|
|
Batting: RHB Luis Roa
|
0-0: Ball 1-0: Ball 2-0: Ball 3-0: Base on Balls
|
|
Batting: LHB Joey Gallo
|
0-0: Ball Luis Roa steals 2nd base (no throw) 1-0: Called Strike 1-1: Swinging Strike 1-2: Ball 2-2: Foul Ball, location: 2F 2-2: Ball 3-2: SINGLE (Line Drive, 34D, EV 98.1 MPH) Luis Roa to third
|
|
Batting: LHB Andy Brown
|
0-0: Called Strike 0-1: Ball 1-1: Ball 2-1: Ball 3-1: Fly out, F9 (Line Drive, 89D, EV 100.6 MPH)
|
| Top of the 5th over - 1 run, 2 hits, 0 errors, 2 left on base; Los Angeles 6 - St. Louis 3 |
| BOTTOM OF THE 5TH |
|
St. Louis Cardinals batting - Pitching for Los Angeles Angels : RHP Derrek McGriff
|
|
Batting: RHB Juan Álvarez
|
0-0: Fly out, F7 (Flyball, 7D, EV 92.5 MPH)
|
|
Batting: RHB Chris Jarvis
|
0-0: Fly out, F3 (Popup, 34, EV 77.5 MPH)
|
|
Batting: LHB Juan Encarnación
|
0-0: Ball 1-0: Ball 2-0: Ball 3-0: Base on Balls
|
|
Batting: LHB Jason Heyward
|
0-0: Ball 1-0: Ball 2-0: Called Strike 2-1: Fielders Choice at 2nd, 5-4 (Groundball, 56, EV 103.8 MPH)
|
| Bottom of the 5th over - 0 runs, 0 hits, 0 errors, 1 left on base; Los Angeles 6 - St. Louis 3 |
| TOP OF THE 6TH |
|
Los Angeles Angels batting - Pitching for St. Louis Cardinals : RHP Julius Cooper
|
|
Batting: LHB Isranel Wilson
|
0-0: Ball 1-0: Foul Ball, location: 2F 1-1: Fly out, F9 (Flyball, 9LS, EV 91.9 MPH)
|
|
Batting: SHB Ozhaino Albies
|
0-0: Foul Ball, location: 23F 0-1: Ball 1-1: Ball 2-1: Ball 3-1: Base on Balls
|
|
Batting: RHB Mike Trout
|
0-0: Foul Ball, location: 2LF 0-1: Ball 1-1: Ball 2-1: Foul Ball, location: 25F 2-2: Foul Ball, location: 25F 2-2: Ball 3-2: Base on Balls Ozhaino Albies to second
|
|
Batting: SHB Augusto Ramírez
|
0-0: 3-RUN HOME RUN (Flyball, 9LD, EV 93.8 MPH), Distance : 347 ft
|
|
Pitching: RHP Cal Hewer
|
|
|
Batting: RHB Giancarlo Stanton
|
0-0: Foul Ball, location: 5DF 0-1: Foul Ball, location: 2F 0-2: Foul Ball, location: 2F 0-2: Single, Error in OF, E7, batter to second base (Line Drive, 56D, EV 95.0 MPH)
|
|
Batting: SHB Jurickson Profar
|
0-0: Ball 1-0: Swinging Strike 1-1: Called Strike 1-2: Strikes out swinging
|
|
Batting: RHB Luis Roa
|
0-0: Ball 1-0: Swinging Strike 1-1: Foul Ball, location: 5DF 1-2: Ball 2-2: SINGLE (Line Drive, 9S, EV 85.6 MPH) Giancarlo Stanton to third
|
|
Batting: LHB Joey Gallo
|
0-0: Swinging Strike 0-1: Ball 1-1: Ball 2-1: Ball 3-1: Foul Ball, location: 2F 3-2: 3-RUN HOME RUN (Flyball, 9LD, EV 93.1 MPH), Distance : 347 ft
|
|
Batting: LHB Andy Brown
|
0-0: Foul Ball, location: 2F 0-1: Ground out 4-3 (Groundball, 4, EV 87.5 MPH)
|
| Top of the 6th over - 6 runs, 4 hits, 1 error, 0 left on base; Los Angeles 12 - St. Louis 3 |
| BOTTOM OF THE 6TH |
|
St. Louis Cardinals batting - Pitching for Los Angeles Angels : RHP Derrek McGriff
|
|
Batting: RHB Avery Romero
|
0-0: Called Strike 0-1: Foul Ball, location: 2F 0-2: Ball 1-2: Ball 2-2: Ground out 5-3 (Groundball, 56, EV 84.4 MPH)
|
|
Batting: LHB Zak Taylor
|
0-0: Foul Ball, location: 2F 0-1: Foul Ball, location: 2F 0-2: Ball 1-2: SOLO HOME RUN (Flyball, 8LXD, EV 103.1 MPH), Distance : 409 ft
|
|
Batting: LHB Al White
|
0-0: Swinging Strike 0-1: Foul Ball, location: 5SF 0-2: Strikes out swinging
|
|
Batting: RHB Cristián Gómez
|
0-0: Ball 1-0: Called Strike 1-1: Ball 2-1: Ball 3-1: Foul Ball, location: 25F 3-2: Strikes out swinging, 2-3 out at first.
|
| Bottom of the 6th over - 1 run, 1 hit, 0 errors, 0 left on base; Los Angeles 12 - St. Louis 4 |
| TOP OF THE 7TH |
|
Los Angeles Angels batting - Pitching for St. Louis Cardinals : RHP Cal Hewer
|
|
Batting: LHB Isranel Wilson
|
0-0: Fly out, F7 (Flyball, 7S, EV 90.6 MPH)
|
|
Batting: SHB Ozhaino Albies
|
0-0: Foul Ball, location: 7LMF 0-1: Called Strike 0-2: Ball 1-2: Strikes out swinging
|
|
Batting: RHB Mike Trout
|
0-0: Foul Ball, location: 2F 0-1: Ball 1-1: DOUBLE (Groundball, 5L, EV 105.0 MPH)
|
|
Batting: SHB Augusto Ramírez
|
0-0: Called Strike 0-1: Ground out 4-3 (Groundball, 34, EV 87.5 MPH)
|
| Top of the 7th over - 0 runs, 1 hit, 0 errors, 1 left on base; Los Angeles 12 - St. Louis 4 |
| BOTTOM OF THE 7TH |
|
St. Louis Cardinals batting - Pitching for Los Angeles Angels : RHP Derrek McGriff
|
|
Batting: LHB Raphael Ramirez
|
0-0: Ball 1-0: Called Strike 1-1: Ball 2-1: Swinging Strike 2-2: SINGLE (Line Drive, 9LS, EV 91.3 MPH)
|
|
Batting: RHB Juan Álvarez
|
0-0: Called Strike 0-1: Ball 1-1: Fly out, F9 (Flyball, 9S, EV 93.1 MPH)
|
|
Batting: RHB Chris Jarvis
|
0-0: Called Strike Raphael Ramirez steals 2nd base (no throw) 0-1: Swinging Strike 0-2: Ball 1-2: Ground out 5-3 (Groundball, 5L, EV 102.5 MPH) Raphael Ramirez to third
|
|
Pitching: LHP McKenzie Mills
|
|
|
Pinch Hitting: RHB Eric Anderson
|
0-0: Called Strike 0-1: Called Strike 0-2: Foul Ball, location: 5F 0-2: Ball 1-2: Foul Ball, location: 2F 1-2: Ball 2-2: Ball 3-2: Foul Ball, location: 7LSFF 3-2: Base on Balls
|
|
Batting: LHB Jason Heyward
|
0-0: Called Strike 0-1: SINGLE (Groundball, 5D, EV 100.0 MPH) Raphael Ramirez scores Eric Anderson to second Runner from 2nd tries for 3rd, SAFE, throw by LF made to third Jason Heyward to second
|
|
Batting: RHB Avery Romero
|
0-0: Ball 1-0: Ball 2-0: Ball 3-0: Base on Balls
|
|
Batting: LHB Zak Taylor
|
0-0: Foul Ball, location: 2F 0-1: Ball 1-1: Swinging Strike 1-2: SINGLE (Groundball, 4D, EV 110.0 MPH) Eric Anderson scores Jason Heyward to third Avery Romero to second Runner from 3rd tries for Home, SAFE, throw by CF to home
|
|
Pinch Hitting: RHB Irving Wilson
|
0-0: Ball 1-0: DOUBLE (Line Drive, 78D, EV 110.6 MPH) Avery Romero scores Zak Taylor to third Runner from 3rd tries for Home, SAFE, throw by CF to trailing runner, OUT at third! 8-3-5
|
| Bottom of the 7th over - 5 runs, 4 hits, 0 errors, 0 left on base; Los Angeles 12 - St. Louis 9 |
| TOP OF THE 8TH |
|
Los Angeles Angels batting - Pitching for St. Louis Cardinals : RHP Cal Hewer
|
|
Pitching: LHP Kyle Crockett
|
|
|
Now at 2B: Eric Anderson
|
|
|
Now in CF: Sergio Cortés
|
|
|
Batting: RHB Giancarlo Stanton
|
0-0: Swinging Strike 0-1: Foul Ball, location: 2F 0-2: Ball 1-2: Strikes out looking
|
|
Batting: SHB Jurickson Profar
|
0-0: Ball 1-0: Swinging Strike 1-1: Ball 2-1: Ball 3-1: Base on Balls
|
|
Batting: RHB Luis Roa
|
0-0: Called Strike 0-1: Foul Ball, location: 5F 0-2: Hit by Pitch Jurickson Profar to second
|
|
Batting: LHB Joey Gallo
|
0-0: Foul Ball, location: 7LDF 0-1: Foul Ball, location: 23FF 0-2: Strikes out swinging
|
|
Batting: LHB Andy Brown
|
0-0: Called Strike 0-1: Ball 1-1: Called Strike 1-2: SINGLE (Groundball, 4MD, EV 94.4 MPH) Jurickson Profar to third Luis Roa to second Runner from 3rd tries for Home, SAFE, throw by CF to trailing runner, OUT at third! 8-3-5
|
| Top of the 8th over - 1 run, 1 hit, 0 errors, 1 left on base; Los Angeles 13 - St. Louis 9 |
| BOTTOM OF THE 8TH |
|
St. Louis Cardinals batting - Pitching for Los Angeles Angels : LHP McKenzie Mills
|
|
Pitching: RHP Derek Henderson
|
|
|
Now in LF: Augusto Ramírez
|
|
|
Now in RF: Jamie Tolbert
|
|
|
Batting: RHB Cristián Gómez
|
0-0: Fly out, F9 (Flyball, 89M, EV 85.0 MPH)
|
|
Batting: LHB Raphael Ramirez
|
0-0: Ball 1-0: Called Strike 1-1: Ball 2-1: Fly out, F9 (Flyball, 9S, EV 89.4 MPH)
|
|
Batting: RHB Juan Álvarez
|
0-0: Foul Ball, location: 9LDF 0-1: Ball 1-1: Reached on error, E6 (Groundball, 6S, EV 65.6 MPH)
|
|
Batting: RHB Chris Jarvis
|
0-0: Ball 1-0: SINGLE (Line Drive, 34D, EV 100.0 MPH) Juan Álvarez to second Runner from 2nd tries for 3rd, SAFE, throw by RF made to third
|
|
Pitching: LHP Kevin Phillips
|
|
|
Batting: RHB Eric Anderson
|
0-0: Swinging Strike 0-1: Foul Ball, location: 23FF 0-2: Ball 1-2: Ball 2-2: Foul Ball, location: 3SF 2-2: Ball 3-2: Foul Ball, location: 5FF 3-2: Strikes out swinging
|
| Bottom of the 8th over - 0 runs, 1 hit, 1 error, 2 left on base; Los Angeles 13 - St. Louis 9 |
| TOP OF THE 9TH |
|
Los Angeles Angels batting - Pitching for St. Louis Cardinals : LHP Kyle Crockett
|
|
Pitching: RHP Shelby Miller
|
|
|
Batting: LHB Isranel Wilson
|
0-0: Ball 1-0: Foul Ball, location: 2F 1-1: Foul Ball, location: 9LMF 1-2: Ground out 5-3 (Groundball, 5S, EV 66.3 MPH)
|
|
Batting: SHB Ozhaino Albies
|
0-0: Foul Ball, location: 3F 0-1: Ball 1-1: Foul Ball, location: 5DF 1-2: Ball 2-2: Foul Ball, location: 5FF 2-2: Foul Ball, location: 2LF 2-2: Ground out 4-3 (Groundball, 4M, EV 100.6 MPH)
|
|
Batting: RHB Jamie Tolbert
|
0-0: Ball 1-0: Foul Ball, location: 23F 1-1: Foul Ball, location: 25FF 1-2: Fly out, F9 (Flyball, 89S, EV 74.4 MPH)
|
| Top of the 9th over - 0 runs, 0 hits, 0 errors, 0 left on base; Los Angeles 13 - St. Louis 9 |
| BOTTOM OF THE 9TH |
|
St. Louis Cardinals batting - Pitching for Los Angeles Angels : LHP Kevin Phillips
|
|
Pitching: RHP Mrinal Shivaprakash
|
|
|
Now in RF: Starling Heredia
|
|
|
Batting: LHB Jason Heyward
|
0-0: Called Strike 0-1: Swinging Strike 0-2: Foul Ball, location: 2F 0-2: Foul Ball, location: 2LF 0-2: Foul Ball, location: 5F 0-2: Strikes out swinging
|
|
Batting: RHB Avery Romero
|
0-0: Called Strike 0-1: Swinging Strike 0-2: Ball 1-2: Ball 2-2: Ball 3-2: Base on Balls
|
|
Batting: LHB Zak Taylor
|
0-0: Ball 1-0: Called Strike 1-1: Ball 2-1: Fielders Choice at 2nd, 4-6 (Groundball, 4, EV 83.1 MPH)
|
|
Batting: RHB Sergio Cortés
|
0-0: Called Strike 0-1: Foul Ball, location: 7LMF 0-2: Foul Ball, location: 25F 0-2: SINGLE (Line Drive, 9S, EV 92.5 MPH) Zak Taylor to second
|
|
Pitching: LHP Héctor Rosado
|
|
|
Batting: RHB Cristián Gómez
|
0-0: Ball 1-0: Ball 2-0: Ball 3-0: Swinging Strike 3-1: Foul Ball, location: 2F 3-2: Base on Balls Zak Taylor to third Sergio Cortés to second
|
|
Batting: LHB Raphael Ramirez
|
0-0: Foul Ball, location: 3F 0-1: Foul Ball, location: 25F 0-2: Ball 1-2: Ball 2-2: Strikes out swinging
|
| Bottom of the 9th over - 0 runs, 1 hit, 0 errors, 3 left on base; Los Angeles 13 - St. Louis 9 |
|